 Dungeon Crawl Stone Soup version 0.29.1-13-g9f3cf754e1 (webtiles) character file.

Game seed: 7681042428102182825

10734 thatguyhowie the Thaumaturge (level 11, -4/67 HPs)
             Began as a Djinni Fire Elementalist on Feb 8, 2023.
             Was a Follower of Ashenzari.
             Slain by Snorg (17 damage)
             ... on level 11 of the Dungeon on Feb 9, 2023.
             The game lasted 02:09:18 (11571 turns).

thatguyhowie the Thaumaturge (DjFE)                Turns: 11571, Time: 02:09:18

Health: -4/67      AC: 12    Str:  9    XL:     11   Next: 98%
Gold:   562        EV: 14    Int: 33    God:    Ashenzari [*.....] SH:  0 Dex: 19

rFire   + + +      SeeInvis .   G - +2 dagger (holy)
rCold   x . .      Faith    .   (no shield)
rNeg    . . .      Spirit   .   F - +3 leather armour {rF+}
rPois   ∞          Reflect  .   R - +3 hat of Pondering {ponderous, Will+ MP+10 Int+5}
rElec   .          Harm     .   r - +1 cloak "Bound Lethargy" {Cun, Range} (curse)
rCorr   .          Rampage  .   A - +0 pair of gloves of the Gnostic Blue Moon {Str+4, Fort, Melee} (curse)
Will    ++...                   (boots unavailable)
Stlth   +++.......              v - amulet of regeneration
HPRegen 1.01/turn               k - +6 ring of intelligence
MPRegen 0.00/turn               B - +6 ring of dexterity

@: flying, slow
A: sickness immunity, fire resistance 2, cold vulnerability 1, float, innate
caster, HP casting, extra vitality 1, horns 1, weak 1
a: Renounce Religion, Curse Item, Shatter the Chains


You were on level 11 of the Dungeon.
You worshipped Ashenzari.
Ashenzari was aware of your devotion.
You visited 1 branch of the dungeon, and saw 11 of its levels.
You also visited: Bailey.

You collected 688 gold pieces.
You spent 126 gold pieces at shops.

Inventory:

Hand Weapons
 l - a +0 sling
 C - a +2 vampiric short sword
 G - a +2 dagger of holy wrath (weapon)
Missiles
 j - 83 stones
 o - 9 javelins
 u - 39 poisoned darts
 H - 2 curare-tipped darts
 J - a throwing net
Armour
 b - a +2 leather armour of poison resistance
 r - the cursed +1 cloak "Bound Lethargy" (worn) {Cun, Range}
   (You found it on level 3 of the Dungeon)

   It has a curse which improves the following skills: Cunning: Dodging and
   Stealth.
   Ranged Combat: Ranged Weapons and Throwing.
 A - the cursed +0 pair of gloves of the Gnostic Blue Moon (worn) {Str+4, Fort, Melee}
   (You found it on level 5 of the Dungeon)

   Str:       It affects your strength (+4).
   It has a curse which improves the following skills: Fortitude: Armour and
   Shields.
   Melee Combat: Short Blades, Long Blades, Axes, Maces & Flails, Polearms,
   Staves and Unarmed Combat.
 D - a +2 robe of the Archmagi
 F - a +3 leather armour of fire resistance (worn)
 R - the +3 hat of Pondering (worn) {ponderous, Will+ MP+10 Int+5}
   (You took it off Gastronok on level 9 of the Dungeon)

   Int:       It affects your intelligence (+5).
   MP:        It affects your magic capacity (+10).
   Will:      It increases your willpower.
Magical Staves
 e - a staff of air
 y - a staff of cold
Jewellery
 k - a +6 ring of intelligence (left hand)
 v - an amulet of regeneration (around neck)
 B - a +6 ring of dexterity (right hand)
 N - a +4 ring of evasion
 O - a +6 ring of dexterity
Wands
 p - a wand of polymorph (8)
 E - a wand of charming (23)
 P - a wand of flame (16)
 T - a wand of iceblast (1)
 V - a wand of acid (3)
Scrolls
 a - 2 scrolls of silence
 c - a scroll of enchant armour
 h - 2 scrolls of vulnerability
 i - a scroll of immolation
 s - 2 scrolls of blinking
 t - a scroll of magic mapping
 w - 2 scrolls of butterflies
 x - 4 scrolls of teleportation
 K - a scroll of noise
 L - 2 scrolls of enchant weapon
 S - 4 scrolls of identify
 U - 3 scrolls of poison
Potions
 d - 4 potions of brilliance
 f - a potion of invisibility
 g - a potion of degeneration
 m - 5 potions of mutation
 n - a potion of heal wounds
 q - 4 potions of lignification
 z - 5 potions of magic
 I - 2 potions of cancellation
 M - a potion of attraction
 Q - 3 potions of curing


   Skills:
 + Level 1.5 Fighting
 + Level 1.1(1.6) Short Blades
 + Level 1.3(1.9) Throwing
 + Level 3.5(4.3) Armour
 + Level 3.7(4.5) Dodging
 + Level 3.6(4.4) Stealth
 + Level 13.1 Spellcasting


You had 9 spell levels left.
You knew the following spells:

 Your Spells              Type           Power      Damage    Failure   Level
a - Foxfire               Conj/Fire      100%       2x1d9     0%          1
b - Scorch                Fire           100%       2d10      1%          2
c - Conjure Flame         Conj/Fire      83%        6-21      1%          3
d - Inner Flame           Hex/Fire       83%        N/A       1%          3
e - Flame Wave            Conj/Fire      83%        2d18      1%          4
f - Slow                  Hex            100%       N/A       0%          1
g - Call Imp              Summ           83%        N/A       1%          2
h - Ozocubu's Armour      Ice            83%        N/A       1%          3
i - Fulminant Prism       Conj/Hex       41%        3d20      1%          4
j - Ice Form              Ice/Tmut       83%        N/A       1%          4
Your spell library was empty.

Dungeon Overview and Level Annotations

Branches:
Dungeon (11/15)            Temple (0/1) D:7            Lair (0/5) D:11
 Bailey (visited)
    Orc: D:9-12

Altars:
Ashenzari
Dithmenos
Nemelex Xobeh
Okawaru
Qazlal
Uskayaw
Yredelemnul
Zin

Shops:
D:5 (   D:7 ?

Annotations:
D:11 Snorg


Innate Abilities, Weirdness & Mutations

You are immune to sickness and miasma.
You are immune to poison.
Your flesh is very heat resistant. (rF++)
You are vulnerable to cold. (rC-)
You float through the air rather than walking.
You learn spells naturally, not from books.
Your magical power is your life essence.
You have superior vitality. (+4 MHP)
You have a pair of small horns on your head.
You are weak. (Str -2)


Message History

E - a wand of charming (23) (gained 5 charges)
Found an escape hatch in the floor.
There is an escape hatch in the floor here.
Ashenzari invites you to partake of a vision and a curse of ranged combat and melee combat.
Found a potion of mutation.
Okay, then.
m - 5 potions of mutation (gained 1);
V - a wand of acid (3)
You see here a book of Blasting.
There is an open door here.
There is an open door here.
Casting: Conjure Flame (safe; 1% risk of failure)
Press: ? - help, Q - select action, (/) - cycle Dir - look around, f - activate The fire begins to smoulder!
Snorg goes berserk!
The fire ignites!
Casting: Scorch (safe; 1% risk of failure)
Press: ? - help, Q - select action, (/) - cycle Dir - look around, f - activate Look: Snorg (berserk) Flames lash Snorg.
Snorg is lightly wounded.
Snorg's fire resistance burns away.
Snorg is engulfed in blazing flames.
Snorg closely misses you. x2
Snorg claws you! Snorg attacks as you move away! Snorg bites you.
Snorg claws you but does no damage. x2
Casting: Scorch (safe; 1% risk of failure)
Press: ? - help, Q - select action, (/) - cycle Dir - look around, f - activate Look: Snorg (lightly wounded, berserk, more vulnerable to fire) Flames lash Snorg.
Snorg is burned terribly!
Snorg is lightly wounded.
Snorg closely misses you. Snorg claws you but does no damage. x2
Snorg bites you!! Snorg closely misses you. Snorg claws you!
* * * LOW HITPOINT WARNING * * *
Blink to where?
Press: ? - help, Dir - move target, p - Snorg
Okay, then.
You feel better. Snorg misses you. x2; Snorg claws you!
* * * LOW HITPOINT WARNING * * *
Snorg attacks as you move away! Snorg completely misses you.
Snorg barely misses you. Snorg claws you!
You die...

...#.###.# #.##......
.....# #.# #.#.......
###### #.# #.........
## #.# #.......>. ~##
#.# ####'...P[... ~~##
#.# #....#.....(.
~~~## #.#
#....##..[...
~~~~####.#
##########....####...[
~~~~~...##
#....@T.§'..........[#
~~~~~~#.#
#.########........†.##
~~~~~~#.# #.#
##........<.#
~~~~~##.# #.#
#~T.........#
~~~~.##.# #.#
#~~~~~~~#'####
~~~..##.# #.#
#~~~~~~~~...
~~......####.#
..~~~~~~~~...
~####......:.#
##~~~~~~~~..( ##
#.########
#.~~~~~~~#.#.


You could see Snorg (berserk, combustible).

Vanquished Creatures
  Gastronok (D:9)
  Pikel (D:4)
  Joseph (D:7)
  2 gargoyles
  A wyvern (D:9)
  A wraith (D:9)
  2 vampires
  3 shadows
  Eustachio (D:6)
  15 yaks
  2 steam dragons
  3 wargs (D:11)
  An acid dragon (D:10)
  Duvessa (D:5)
  A water moccasin (D:7)
  An orc warrior (D:7)
  An ice beast (D:7)
  3 black bears
  2 centaurs
  2 lemures (D:4)
  4 phantoms
  4 kobold brigands
  3 bullfrogs
  2 necrophages (D:7)
  2 scorpions
  6 wights
  Dowan (D:5)
  7 howler monkeys
  10 vampire bats (Bailey)
  6 wolf zombies (Bailey)
  2 electric eels (D:7)
  5 hounds
  2 orc priests (D:11)
  A gnoll bouda (D:7)
  2 jellies (D:6)
  3 iguanas
  Jessica (D:2)
  Terence (D:2)
  Natasha (thrice) (D:2)
  7 orc wizards
  8 adders
  10 gnolls
  A shadow imp (D:5)
  2 white imps
  An ufetubus (D:5)
  2 worms
  32 orcs
  9 ball pythons
  A bat (D:3)
  10 endoplasms
  4 giant cockroaches
  8 hobgoblins
  6 jackals (D:2)
  6 quokkas
  3 frilled lizards
  11 goblins
  27 kobolds
  21 orc zombies (Bailey)
  10 rats
  A foxfire (D:9)
290 creatures vanquished.

Vanquished Creatures (collateral kills)
  An orc (D:5)
1 creature vanquished.

Vanquished Creatures (others)
  A howler monkey (D:9)
  A gnoll (D:7)
  414 foxfires
  14 fulminant prisms
430 creatures vanquished.

Grand Total: 721 creatures vanquished

Notes
Turn   | Place    | Note
-------+----------+-------------------------------------------
     0 | D:1      | thatguyhowie the Djinni Fire Elementalist began the quest
                  | for the Orb.
     0 | D:1      | thatguyhowie set off with the following spells memorised:
                  | Foxfire, Scorch, Conjure Flame, Inner Flame, Flame Wave.
     0 | D:1      | Reached XP level 1. HP: 15/15 MP: 0/0
   476 | D:1      | Reached XP level 2. HP: 19/21 MP: 0/0
   956 | D:1      | Reached XP level 3. HP: 22/25 MP: 0/0
   956 | D:1      | Learned a level 1 spell: Slow
  1011 | D:1      | Found a faded altar of an unknown god.
  1041 | D:1      | Reached skill level 3 in Spellcasting
  1592 | D:2      | Noticed Terence
  1602 | D:2      | Killed Terence
  1603 | D:2      | Reached XP level 4. HP: 22/31 MP: 0/0
  1942 | D:2      | Noticed Natasha
  1947 | D:2      | Killed Natasha
  1948 | D:2      | Reached XP level 5. HP: 31/35 MP: 0/0
  1948 | D:2      | Learned a level 2 spell: Call Imp
  1950 | D:2      | Noticed Jessica
  1958 | D:2      | Killed Jessica
  1959 | D:2      | Reached skill level 4 in Spellcasting
  2173 | D:2      | Noticed Natasha
  2179 | D:2      | Killed Natasha
  2834 | D:2      | Noticed Natasha
  2838 | D:2      | Killed Natasha
  2839 | D:2      | Reached XP level 6. HP: 35/40 MP: 0/0
  3310 | D:3      | Found a shadowy altar of Dithmenos.
  3673 | D:3      | Found a broken altar of Ashenzari.
  3680 | D:3      | Became a worshipper of Ashenzari the Shackled
  4103 | D:4      | Noticed a black bear
  4118 | D:4      | Killed a black bear
  4119 | D:4      | Reached skill level 5 in Spellcasting
  4119 | D:4      | Reached XP level 7. HP: 44/45 MP: 0/0
  4119 | D:4      | Learned a level 3 spell: Ozocubu's Armour
  4187 | D:4      | Reached skill level 1 in Armour
  4557 | D:5      | Entered Level 5 of the Dungeon
  4576 | D:5      | Gained mutation: You have a pair of small horns on your
                  | head. [potion of mutation]
  4576 | D:5      | Gained mutation: You are weak. (Str -2) [potion of
                  | mutation]
  4698 | D:5      | Found Nohun's Weapon Shoppe.
  4743 | D:5      | Reached skill level 6 in Spellcasting
  4743 | D:5      | Reached XP level 8. HP: 48/51 MP: 0/0
  4781 | D:5      | Identified the +0 pair of gloves "Nuthre" {Str+4}
  5238 | D:4      | Noticed Pikel
  5249 | D:4      | Killed Pikel
  5250 | D:4      | Reached skill level 1 in Short Blades
  5250 | D:4      | Reached skill level 7 in Spellcasting
  5250 | D:4      | Reached XP level 9. HP: 48/56 MP: 0/0
  5250 | D:4      | Learned a level 4 spell: Fulminant Prism
  5704 | D:5      | Noticed Duvessa
  5715 | D:5      | Killed Duvessa
  5737 | D:5      | Noticed Dowan
  5756 | D:5      | Killed Dowan
  5757 | D:5      | Reached skill level 8 in Spellcasting
  6088 | D:6      | Found a stormy altar of Qazlal.
  6130 | D:6      | Found a sparkling altar of Nemelex Xobeh.
  6191 | D:6      | Noticed Eustachio
  6206 | D:6      | Killed Eustachio
  6217 | D:6      | Reached skill level 1 in Throwing
  6533 | D:6      | Identified the +1 leather armour of Uliurim {Rampage Int+3}
  6686 | D:7      | Found a staircase to the Ecumenical Temple.
  6957 | D:7      | Found Nus Reiz's Magic Scroll Shoppe.
  6964 | D:7      | Reached skill level 9 in Spellcasting
  7115 | D:7      | Bought a scroll of noise for 11 gold pieces
  7115 | D:7      | Bought a scroll of enchant weapon for 82 gold pieces
  7115 | D:7      | Bought a scroll of teleportation for 33 gold pieces
  7131 | D:7      | Noticed Joseph
  7154 | D:7      | Killed Joseph
  7155 | D:7      | Reached skill level 1 in Fighting
  7155 | D:7      | Reached XP level 10. HP: 10/62 MP: 0/0
  7687 | D:7      | Reached skill level 10 in Spellcasting
  8266 | D:8      | Found a flagged portal.
  8274 | Bailey   | Entered a bailey
  8745 | Bailey   | Identified the +2 scale mail of the Garden {Slay+2}
  8793 | Bailey   | Noticed a gargoyle
  8808 | Bailey   | Killed a gargoyle
  8969 | D:8      | Reached * piety under Ashenzari
  9082 | D:8      | Reached skill level 11 in Spellcasting
  9180 | D:8      | Found a glowing silver altar of Zin.
  9744 | D:9      | Noticed Gastronok
  9768 | D:9      | Killed Gastronok
  9769 | D:9      | Reached XP level 11. HP: 51/67 MP: 0/0
  9769 | D:9      | Learned a level 4 spell: Ice Form
  9938 | D:9      | Reached skill level 12 in Spellcasting
 10496 | D:10     | Entered Level 10 of the Dungeon
 10963 | D:10     | Found a basalt altar of Yredelemnul.
 10963 | D:10     | Found a hide-covered altar of Uskayaw.
 10964 | D:10     | Found an iron altar of Okawaru.
 11083 | D:11     | Found a staircase to the Lair.
 11088 | D:11     | Reached skill level 13 in Spellcasting
 11187 | D:11     | Noticed a six-headed hydra
 11326 | D:11     | Noticed Snorg
 11571 | D:11     | Slain by Snorg

Illustrated notes

Levels and vault maps discovered:
D:1:      lightli_arrival_statuegarden, layout_basic,
          ebering_ecumenical_altar_box
D:2:      layout_basic, uniq_terence, uniq_jessica, uniq_natasha
D:3:      minmay_skewed_foursquare, layout_basic,
          mainiacjoe_overflow_small_starburst, mainiacjoe_overflow_alcove_4,
          minmay_bisected
D:4:      layout_basic, kennysheep_opposing_triangles, uniq_pikel
D:5:      layout_basic, serial_shops, nicolae_shop_bloodbath_and_beyond,
          uniq_duvessa
D:6:      layout_rooms, nemelex_xobeh_ov_fountains_minmay,
          nicolae_qazlal_scattered_showers, uniq_eustachio
D:7:      layout_basic, mainiacjoe_overflow_alcove_1, minmay_temple_entry_waves,
          serial_shops, nicolae_inconvenience_store, uniq_joseph
D:8:      layout_rooms, mainiacjoe_overflow_paths, enter_bailey_2
D:9:      layout_roguey, lightli_orcish_oven, uniq_gastronok
D:10:     layout_cross, gammafunk_temple_overflow_forgotten, kennysheep_dice
D:11:     layout_basic, erik_lair_orcish_takeover, orc_0_dummy, uniq_snorg

Skill      XL: |  1  2  3  4  5  6  7  8  9 10 11 |
---------------+----------------------------------+-----
Spellcasting   | 3 4 5 6 7 9 11 13 | 13.1
Stealth        | 2 3 |  3.6
Armour         | 1 2 3 |  3.5
Dodging        | 3 |  3.7
Short Blades   | 1 |  1.1
Throwing       | 1 |  1.3
Fighting       | 1 |  1.5

Action                   |  1- 3 |  4- 6 |  7- 9 | 10-12 || total
-------------------------+-------+-------+-------+-------++-------
Melee: Short sword       |    13 |     6 |    14 |       ||    33
       Headbutt          |       |       |     1 |     1 ||     2
       Dagger            |       |       |       |     6 ||     6
Throw: Dart              |       |       |     4 |       ||     4
       Javelin           |       |       |     3 |       ||     3
 Cast: Foxfire           |    55 |    38 |    86 |    74 ||   253
       Scorch            |     2 |    26 |    84 |   127 ||   239
       Conjure Flame     |       |       |    10 |    13 ||    23
       Inner Flame       |       |       |     6 |    11 ||    17
       Call Imp          |       |       |     2 |       ||     2
       Slow              |       |       |     6 |     6 ||    12
       Flame Wave        |       |       |     1 |    14 ||    15
       Fulminant Prism   |       |       |     1 |    13 ||    14
       Ozocubu's Armour  |       |       |     1 |     1 ||     2
Invok: Curse Item        |       |       |     1 |     1 ||     2
  Use: Scroll            |       |     3 |     2 |     5 ||    10
       Potion            |       |     1 |     4 |     3 ||     8
Armor: Robe              |     2 |       |     4 |    17 ||    23
       Ring mail         |       |     7 |    10 |       ||    17
       Leather armour    |       |       |       |    15 ||    15
Dodge: Dodged            |    21 |    11 |    27 |    56 ||   115
